 Dungeon Crawl Stone Soup version 0.22-a0-282-gdd34a7d (webtiles) character file.

210106 Amnesiac the Stormcaller (level 19, -9/112 HPs)
             Began as a Tengu Wizard on Mar 17, 2018.
             Was a High Priest of Sif Muna.
             Killed by drain life
             ... invoked by a soul eater
              (10 damage)
             ... in the Vestibule of Hell.
             The game lasted 01:42:57 (35696 turns).

Amnesiac the Stormcaller (Tengu Wizard)            Turns: 35696, Time: 01:42:58

Health: -9/112     AC: 12    Str:  7    XL:     19   Next: 25%
Magic:  0/51       EV: 30    Int: 28    God:    Sif Muna [*****.]
Gold:   3327       SH:  8    Dex: 19    Spells: 0/55 levels left

rFire    + + .     SeeInvis .   U - staff of cold
rCold    + + .     Gourm    .   w - +3 buckler
rNeg     . . .     Faith    .   o - +2 robe {Archmagi}
rPois    +         Spirit   +   d - +2 hat
rElec    +         Reflect  .   u - +2 cloak
rCorr    +         Harm     .   m - +2 pair of gloves
MR       +....     Clarity  +   (boots unavailable)
Stlth    +++.......             R - amulet of guardian spirit
HPRegen  0.28/turn              M - ring of magical power
MPRegen  0.32/turn              V - ring of protection from fire

@: agile, resistant, flying quickly and evasively, drained, divine energy, quick
A: beak, talons 3, clarity, clever 1, screaming 1, able to fly 2
a: Stop Flying, Stop Divine Energy, Channel Magic, Forget Spell, Renounce
Religion


You were in the Vestibule of Hell.
You worshipped Sif Muna.
Sif Muna was extremely pleased with you.
You were not hungry.

You visited 6 branches of the dungeon, and saw 23 of its levels.
You visited the Abyss 1 time.
You also visited: Volcano.

You collected 3327 gold pieces.

Inventory:

Hand Weapons
 a - a +2 dagger of venom
 b - a +8 blowgun
Missiles
 S - 14 curare-tipped needles
Armour
 d - a +2 hat (worn)
 m - a +2 pair of gloves (worn)
 o - a +2 robe of the Archmagi (worn)
 u - a +2 cloak (worn)
 w - a +3 buckler (worn)
Magical Staves
 y - an uncursed staff of wizardry
 U - an uncursed staff of cold (weapon)
Jewellery
 f - an uncursed ring of magical power
 h - an uncursed ring of protection from cold
 r - an uncursed ring of poison resistance
 B - an uncursed ring of see invisible
 M - a ring of magical power (left hand)
 R - an amulet of guardian spirit (around neck)
 V - a ring of protection from fire (right hand)
 W - an uncursed ring of resist corrosion
Wands
 e - a wand of random effects (45)
 q - a wand of scattershot (6)
 s - a wand of iceblast (30)
 E - a wand of polymorph (10)
 F - a wand of clouds (5)
 K - a wand of flame (23)
 N - a wand of digging (17)
 T - a wand of enslavement (24)
 X - a wand of paralysis (46)
Scrolls
 i - 6 scrolls of fear {!r}
 t - 8 scrolls of remove curse {!r}
 z - a scroll of enchant armour {!r}
 D - 6 scrolls of teleportation {!r}
 J - 4 scrolls of identify {!r}
Potions
 g - 2 potions of invisibility {!q}
 j - 7 potions of lignification {!q}
 k - 4 potions of mutation {!q}
 n - 11 potions of curing {!q}
 x - 3 potions of cancellation {!q}
 A - 3 potions of resistance {!q}
 C - a potion of might {!q}
 L - 3 potions of ambrosia {!q}
 P - 4 potions of brilliance {!q}
 Y - a potion of agility {!q}
Comestibles
 p - 19 rations


   Skills:
 + Level 10.3(9.7) Fighting
 + Level 10.5(10.0) Dodging
 - Level 2.0(1.5) Stealth
 - Level 4.2(3.7) Shields
 * Level 18.9(18.2) Spellcasting
 - Level 18.0(17.3) Conjurations
 - Level 1.2(0.7) Summonings
 - Level 0.7(0.2) Translocations
 + Level 18.9(18.2) Air Magic
 - Level 8.0(7.4) Invocations


You couldn't memorise any spells.
You knew the following spells:

 Your Spells              Type           Power        Failure   Level  Hunger
a - Airstrike             Air            ########..   0%          4    None
b - Passwall              Tmut/Erth      #####.....   2%          2    None
c - Magic Dart            Conj           ####         0%          1    None
d - Orb of Destruction    Conj           ########..   1%          7    ####...
e - Mephitic Cloud        Conj/Pois/Air  #######.     1%          3    None
f - Poisonous Vapours     Pois/Air       ######       1%          2    None
g - Tornado               Air            ########..   56%         9    #######
h - Passage of Golubria   Tloc           N/A          16%         4    None
i - Call Imp              Summ           #####...     1%          2    None
q - Chain Lightning       Conj/Air       ########..   8%          8    ######.
r - Regeneration          Chrm/Necr      #####.....   5%          3    None
s - Conjure Flame         Conj/Fire      #######.     1%          3    None
v - Blink                 Tloc           N/A          2%          2    None
w - Fireball              Conj/Fire      #######...   1%          5    None


Dungeon Overview and Level Annotations

Branches:
Dungeon (15/15)            Temple (1/1) D:4            Lair (0/6) D:10
    Orc (2/2) D:11            Elf (3/3) Orc:2        Vaults (0/5) D:13
 Depths (1/5) D:15           Hell (1/1)                 Coc (0/7) Hell
    Dis: Hell:1         Geh: Hell:1         Tar: Hell:1

Altars:
Ashenzari
Cheibriados
Dithmenos
Elyvilon
Fedhas
Hepliaklqana
Kikubaaqudgha
Makhleb
Nemelex Xobeh
Okawaru
Qazlal
Ru
Sif Muna
Trog
Uskayaw
Vehumet
Wu Jian
Yredelemnul
Beogh

Shops:
Orc:2 (:[?

Portals:
Hell: Depths:1
Abyss: Depths:1
Trove: D:12 (give horn of Geryon)

Annotations:
Hell exclusion: 2 ice statues, Geryon


Innate Abilities, Weirdness & Mutations

You have a beak for a mouth.
You have claws for feet.
You can fly continuously.
You possess an exceptional clarity of mind.
Your mind is acute. (Int +2)
You occasionally shout uncontrollably at your foes.


Message History

You block the tentacle's attack. The tentacle completely misses you.
You block the anaconda skeleton's attack.
The anaconda skeleton closely misses you.
The six-headed hydra skeleton completely misses you.
You block the six-headed hydra skeleton's attack.
The six-headed hydra skeleton bites you!
* * * LOW HITPOINT WARNING * * *
You block the six-headed hydra skeleton's attack.
The six-headed hydra skeleton completely misses you. x2
An alligator skeleton comes into view.
Casting: Chain Lightning (slightly dangerous; 8% risk of failure)
Confirm with . or Enter, or press ? or * to list all spells.
You feel a surge of power!
You blink.
A war gargoyle, a reaper, a soul eater and a rust devil come into view.
The reaper is wielding a scythe of freezing.
The blizzard demon gestures at you. The bolt of lightning hits you! You resist.
* * * LOW HITPOINT WARNING * * *
You hear a distant "Zot"!
The tentacle slaps you but does no damage.
The ice statue gestures.
Okay, then.
Press: ? - help, v - describe, . - travel
Here: a soul eater (water) Some deep water.
Okay, then.
Unknown command.
You hear a distant "Zot"!
Geryon winds a great silver horn.
The ice statue gestures.
Really quaff
n - 12 potions of curing {!q}?
You feel better.
You feel less invigorated.
You hear a distant "Zot"!
The soul eater closely misses you.
Casting: Blink (safe; 2% risk of failure)
Confirm with . or Enter, or press ? or * to list all spells.
You feel a surge of power!
You blink.
The war gargoyle launches metal splinters at you.
The spray of metal splinters misses you.
The reaper hits you from afar with a scythe of freezing!
* * * LOW HITPOINT WARNING * * *
The reaper freezes you.
* * * LOW HITPOINT WARNING * * *
Geryon completely misses you. The ice beast completely misses you.
Okay, then.
Okay, then.
Casting: Blink (safe; 2% risk of failure)
Confirm with . or Enter, or press ? or * to list all spells.
You feel a surge of power!
You blink.
An iron troll comes into view.
The iron troll shouts!
The ice statue gestures.
Tentacles burst out of the water!
Geryon winds a great silver horn.
You shout at the iron troll!
An iron troll and 4 tentacles come into view.
Okay, then.
You feel somewhat more hungry.
You hear an angry squeal.
The ice statue gestures at you. The shard of ice hits you!
You partially resist.
* * * LOW HITPOINT WARNING * * *
The ice beast completely misses you.
The soul eater draws from the surrounding life force!
You die...

..5..## ##§≈.≈≈≈≈≈≈≈#
...4..## ##...≈≈≈≈≈≈≈≈#
.......## ##..ZZ≈≈≈≈≈≈≈≈#
...54...## ##22≈3≈Z≈≈≈≈≈≈≈#
.........####..4≈Y3≈≈Z≈≈≈≈≈#
..........##...8Y9EZ≈Z....≈#
p.p............2..&Z......≈#
.2..5p&..∩...Y.2Zw9Z....∩.≈#
.∩...2p4.TT.....@Y*2......≈#
......p43.##...8wwZ≈≈≈....≈#
......4.)####....≈w≈≈≈≈≈≈≈≈#
.....2.3#2####..≈≈≈≈≈≈≈≈≈≈≈#
.......###.####..≈≈≈≈≈≈≈
.....z## ##.####.≈.≈≈≈≈≈
..∩..## ##)####..≈≈≈≈≈
#...## ##3## #..≈.≈≈ ...
##.##


You could see Geryon, 2 iron trolls, 3 hell beasts, a reaper, 2 ice statues, a
blizzard demon, a soul eater, a sun demon, 2 war gargoyles, 4 tentacles, a rust
devil, a water elemental, 4 ice beasts, a six-headed hydra simulacrum, 2 spiny
frog simulacra, an alligator zombie, a six-headed hydra zombie, a kraken zombie,
an anaconda skeleton, an alligator skeleton, a six-headed hydra skeleton and a
five-headed hydra skeleton.

Vanquished Creatures
  A deep elf blademaster (Elf:3)
  4 deep elf master archers (Elf:3)
  A tentacled starspawn (Abyss:2)
  A frost giant (Depths:1)
  A fire giant (Depths:1)
  An orc warlord (Elf:2)
  6 deep elf sorcerers
  The ghost of FluffGlitter the Geomancer, a journeyman GrEE of Vehumet (Elf:1)
  9 deep elf elementalists (Elf:3)
  4 very ugly things (Depths:1)
  2 reapers (Hell)
  5 stone giants (Depths:1)
  A caustic shrike skeleton (Depths:1)
  Azrael (D:15)
  A red draconian (Volcano)
  7 deep elf demonologists (Elf:3)
  12 deep elf annihilators
  3 ettins (Depths:1)
  A fire dragon (D:15)
  4 deep elf death magi
  A yaktaur captain (Depths:1)
  6 deep elf high priests (Elf:3)
  6 ogre magi
  4 vault guards (D:13)
  2 rakshasas (Depths:1)
  4 hydras
  An ice dragon (Depths:1)
  2 catoblepae (D:13)
  9 centaur warriors
  14 two-headed ogres
  The ghost of tilp the Frost Mage, a novice MfIE of Makhleb (D:10)
  3 death yaks (D:10)
  A vampire mage (D:15)
  A deep troll shaman (Depths:1)
  2 tengu warriors
  27 dancing weapons
  An orc high priest (Elf:2)
  24 deep elf knights
  Nergalle (Orc:2)
  3 thrashing horrors (Abyss:2)
  2 soul eaters (Hell)
  2 sun demons (Hell)
  A salamander mystic (Volcano)
  Sonja (D:13)
  3 skeletal warriors
  6 hell knights
  3 iron trolls
  2 cherubim (D:13)
  An unseen horror (D:13)
  2 deep trolls
  A death drake (shapeshifter) (D:15)
  A golden dragon zombie (Hell)
  A flayed ghost (Depths:1)
  12 deep elf archers
  A wizard (Depths:1)
  A wolf spider zombie (D:13)
  2 orc knights (Elf:2)
  7 necromancers
  46 deep elf magi
  An orb spider (shapeshifter) (Elf:3)
  A wolf spider (D:14)
  A fire giant zombie (D:15)
  A faun (shapeshifter) (D:15)
  10 orc sorcerers
  2 shadow dragon skeletons (Abyss:2)
  24 ugly things
  3 manticores
  A sphinx zombie (Depths:1)
  4 salamanders (Volcano)
  2 worldbinders (Abyss:2)
  3 cyclopes
  Maurice (D:10)
  2 stone giant skeletons
  A rust devil (Abyss:2)
  2 molten gargoyles (Volcano)
  A gargoyle (D:10)
  An orange demon (Abyss:2)
  A smoke demon (Abyss:2)
  A yaktaur zombie (Depths:1)
  2 efreet
  A komodo dragon (D:14)
  2 kobold demonologists (D:12)
  2 yaktaurs (Depths:1)
  A rime drake (shapeshifter) (Elf:2)
  A komodo dragon (shapeshifter) (Elf:3)
  A demonic crawler (Abyss:2)
  4 tengu conjurers
  A yaktaur skeleton (D:15)
  4 trolls
  A harpy skeleton (D:15)
  A shadow dragon simulacrum (Depths:1)
  A spriggan zombie (Depths:1)
  2 hornets
  A deep troll zombie (Depths:1)
  2 hippogriffs
  A deep troll skeleton (Depths:1)
  3 shadows
  2 air elementals
  2 wraiths
  2 water elementals (D:15)
  5 fire elementals
  A fire dragon skeleton (Depths:1)
  An ice dragon skeleton (D:15)
  2 wyverns
  2 fire bats (Volcano)
  Eustachio (D:6)
  7 yaks
  11 large abominations
  A hog (shapeshifter) (D:13)
  2 hungry ghosts
  10 vampire mosquitoes
  2 basilisks (D:15)
  A small abomination (Abyss:2)
  2 wargs
  Menkaure (D:5)
  An acid dragon (D:15)
  3 hell hounds
  3 sky beasts
  3 black bears
  A hornet zombie (D:12)
  28 orc warriors
  4 ice beasts
  17 ogres
  5 phantoms
  A necrophage (D:11)
  5 boggarts (D:15)
  An eye of draining (D:13)
  32 centaurs
  4 elf zombies (Elf:1)
  3 big kobolds
  9 bullfrogs
  2 earth elementals (Elf:1)
  A gnoll sergeant (D:6)
  A tengu simulacrum (Depths:1)
  4 scorpions
  5 killer bees (D:10)
  7 wights
  7 lava snakes (Volcano)
  5 crimson imps
  A howler monkey (D:11)
  2 quasits
  An iron imp (Depths:1)
  4 centaur zombies
  3 jellies
  17 orc priests
  4 hounds
  33 orc wizards
  3 bullfrog skeletons
  3 centaur skeletons
  5 iguanas
  9 worker ants
  A killer bee zombie (D:9)
  A worker ant zombie (D:4)
  Robin (Temple)
  6 gnolls
  10 adders
  A shadow imp (D:14)
  A white imp (Hell)
  2 adder skeletons (D:7)
  2 worms
  A dart slug (D:1)
  7 leopard geckos
  93 orcs
  4 bats
  3 giant cockroaches
  10 goblins
  5 hobgoblins
  2 jackals (D:7)
  10 kobolds
  4 quokkas
  2 ball pythons
  2 frilled lizards
  A jackal skeleton (D:9)
  2 quokka skeletons
  4 rats
  11 withered plants (D:15)
846 creatures vanquished.

Vanquished Creatures (collateral kills)
  A wight (D:5)
  Terence (D:2)
2 creatures vanquished.

Vanquished Creatures (others)
  A crimson imp (D:15)
  2 orcs
  A lurking horror (Abyss:2)
  9 plants
  4 tentacles (Hell)
  2 withered plants (D:15)
19 creatures vanquished.

Grand Total: 867 creatures vanquished

Notes
Turn   | Place    | Note
-------+----------+-------------------------------------------
     0 | D:1      | Amnesiac the Tengu Wizard began the quest for the Orb.
     0 | D:1      | Reached XP level 1. HP: 10/10 MP: 5/5
   282 | D:1      | Reached XP level 2. HP: 15/15 MP: 7/7
   286 | D:1      | Learned a level 2 spell: Call Imp
   289 | D:1      | Learned a level 2 spell: Blink
   611 | D:2      | Noticed Terence
   840 | D:2      | Gained mutation: You possess an exceptional clarity of mind. [potion of mutation]
   840 | D:2      | Gained mutation: You occasionally shout uncontrollably at your foes. [potion of mutation]
   840 | D:2      | Gained mutation: Your mind is acute. (Int +2) [potion of mutation]
   856 | D:2      | Killed Terence
   856 | D:2      | Reached XP level 3. HP: 8/19 MP: 8/8
   861 | D:2      | Learned a level 3 spell: Mephitic Cloud
  1875 | D:3      | Learned a level 1 spell: Magic Dart
  2006 | D:3      | Reached skill level 5 in Conjurations
  2006 | D:3      | Reached XP level 4. HP: 24/24 MP: 9/9
  2493 | D:4      | Noticed a phantom
  2500 | D:4      | Noticed an ogre
  2506 | D:4      | HP: 1/24 [ogre/giant club (23)]
  2519 | D:4      | Killed a phantom
  2519 | D:4      | Gained mutation: You can fly. [Tengu growth]
  2519 | D:4      | Reached XP level 5. HP: 3/32 MP: 5/10
  2702 | D:4      | Found a staircase to the Ecumenical Temple.
  2710 | D:4      | Noticed Robin
  2720 | Temple   | Entered the Ecumenical Temple
  2727 | Temple   | Became a worshipper of Sif Muna the Loreminder
  2733 | Temple   | Killed Robin
  2974 | D:4      | Reached XP level 6. HP: 37/37 MP: 12/12
  2979 | D:4      | Learned a level 3 spell: Conjure Flame
  3220 | D:4      | Found a hide-covered altar of Uskayaw.
  3761 | D:5      | Entered Level 5 of the Dungeon
  3788 | D:5      | Noticed a phantom
  3800 | D:5      | Killed a phantom
  3800 | D:5      | Reached XP level 7. HP: 41/41 MP: 12/15
  3846 | D:5      | Noticed Menkaure
  3853 | D:5      | Killed Menkaure
  3853 | D:5      | Reached skill level 5 in Spellcasting
  4165 | D:5      | Reached * piety under Sif Muna
  4315 | D:5      | Reached XP level 8. HP: 15/46 MP: 16/18
  5284 | D:6      | Reached ** piety under Sif Muna
  5363 | D:6      | Found a stormy altar of Qazlal.
  5627 | D:6      | Noticed Eustachio
  5655 | D:6      | Killed Eustachio
  5655 | D:6      | Reached XP level 9. HP: 41/50 MP: 22/22
  6763 | D:8      | Reached *** piety under Sif Muna
  6802 | D:8      | Found a sparkling altar of Nemelex Xobeh.
  6808 | D:8      | Found a sacrificial altar of Ru.
  6809 | D:8      | Found a shadowy altar of Dithmenos.
  6971 | D:8      | Found a runed door.
  7347 | D:8      | Found a roughly hewn altar of Beogh.
  7599 | D:9      | Found an iron altar of Okawaru.
  7797 | D:9      | Reached skill level 10 in Spellcasting
  7797 | D:9      | Reached skill level 10 in Conjurations
  7881 | D:9      | Reached skill level 1 in Air Magic
  7900 | D:9      | Reached XP level 10. HP: 18/56 MP: 12/25
  8057 | D:9      | Found a hazy altar of Hepliaklqana.
  8087 | D:9      | Reached **** piety under Sif Muna
  8131 | D:9      | Reached skill level 5 in Air Magic
  8762 | D:9      | Learned a level 7 spell: Orb of Destruction
  9084 | D:10     | Entered Level 10 of the Dungeon
  9118 | D:10     | Noticed a death yak
  9130 | D:10     | Killed a death yak
  9273 | D:10     | Noticed a death yak
  9300 | D:10     | Noticed a death yak
  9334 | D:10     | Killed a death yak
  9334 | D:10     | Reached ***** piety under Sif Muna
  9334 | D:10     | Identified Nore's Incunabulum of Attacks (Sif Muna gifted it to you on level 10 of the Dungeon)
  9334 | D:10     | Received a gift from Sif Muna
  9347 | D:10     | Killed a death yak
  9347 | D:10     | Reached XP level 11. HP: 35/60 MP: 7/26
  9468 | D:10     | Found a staircase to the Lair.
  9553 | D:10     | Noticed Maurice
  9557 | D:10     | Killed Maurice
  9690 | D:10     | Noticed tilp's ghost (novice MfIE)
  9694 | D:10     | Killed tilp's ghost
 10834 | D:11     | Noticed a centaur warrior
 10842 | D:11     | Killed a centaur warrior
 11028 | D:11     | Noticed a centaur warrior
 11031 | D:11     | Killed a centaur warrior
 11072 | D:11     | Identified Paofou's Compendium of the Blaze and Transmutation (Sif Muna gifted it to you on level 11 of the Dungeon)
 11072 | D:11     | Received a gift from Sif Muna
 11077 | D:11     | Learned a level 2 spell: Poisonous Vapours
 11165 | D:11     | Noticed a brown ugly thing
 11172 | D:11     | Killed a brown ugly thing
 11716 | D:11     | Found a staircase to the Orcish Mines.
 12212 | D:11     | Noticed a four-headed hydra
 12220 | D:11     | Killed a four-headed hydra
 12222 | D:11     | Noticed a two-headed ogre
 12226 | D:11     | Killed a two-headed ogre
 12226 | D:11     | Reached XP level 12. HP: 64/64 MP: 0/29
 13119 | D:12     | Found a portal to a secret trove of treasure.
 13172 | D:12     | Noticed a five-headed hydra
 13177 | D:12     | Noticed a two-headed ogre
 13177 | D:12     | Killed a five-headed hydra
 13183 | D:12     | Killed a two-headed ogre
 13324 | D:12     | Noticed a sun demon
 13707 | D:12     | Identified Sif Muna's Reference Book on Blistering Beguiling (Sif Muna gifted it to you on level 12 of the Dungeon)
 13707 | D:12     | Received a gift from Sif Muna
 13747 | D:12     | Learned a level 5 spell: Fireball
 13886 | D:12     | Noticed a two-headed ogre
 13888 | D:12     | Killed a two-headed ogre
 14245 | D:13     | Noticed a two-headed ogre
 14257 | D:13     | Killed a two-headed ogre
 14605 | D:13     | Noticed a two-headed ogre
 14607 | D:13     | Killed a two-headed ogre
 14659 | D:13     | Noticed an eight-headed hydra
 14665 | D:13     | Killed an eight-headed hydra
 14665 | D:13     | Reached XP level 13. HP: 68/68 MP: 5/32
 15118 | D:13     | Noticed a vault guard
 15118 | D:13     | Noticed a vault guard
 15134 | D:13     | Reached skill level 15 in Conjurations
 15146 | D:13     | Killed a vault guard
 15146 | D:13     | Reached skill level 1 in Shields
 15146 | D:13     | Reached skill level 15 in Spellcasting
 15165 | D:13     | Reached skill level 1 in Invocations
 15191 | D:13     | Killed a vault guard
 15366 | D:13     | Noticed Sonja
 15374 | D:13     | Killed Sonja
 15508 | D:13     | Noticed a vault guard
 15510 | D:13     | Killed a vault guard
 15520 | D:13     | Found a gate to the Vaults.
 15692 | D:13     | Noticed a vault guard
 15697 | D:13     | Killed a vault guard
 15972 | D:13     | Reached skill level 5 in Invocations
 16233 | D:14     | Got a shimmering rapier
 16296 | D:14     | Identified the +7 rapier "Zuyc Bath" {antimagic, *Slow rF- Str+9 SInv} (You found it on level 14 of the Dungeon)
 16809 | D:14     | Gained mutation: You can fly continuously. [Tengu growth]
 16809 | D:14     | Reached XP level 14. HP: 74/74 MP: 9/34
 17112 | D:14     | Identified Sif Muna's Guide on Gliding Stolen Souls (Sif Muna gifted it to you on level 14 of the Dungeon)
 17112 | D:14     | Received a gift from Sif Muna
 17443 | D:14     | Found a basalt altar of Yredelemnul.
 17503 | D:14     | Reached skill level 5 in Dodging
 17872 | D:15     | Entered Level 15 of the Dungeon
 18496 | D:15     | Reached skill level 5 in Fighting
 18513 | D:15     | Noticed Azrael
 18869 | D:15     | Reached skill level 10 in Air Magic
 19171 | D:15     | Found a staircase to the Depths.
 19199 | D:15     | Got a faintly humming leather armour
 19527 | D:15     | Killed Azrael
 20284 | Orc:1    | Entered Level 1 of the Orcish Mines
 20295 | Orc:1    | Identified Sif Muna's Handbook of Cloudy Snow (Sif Muna gifted it to you on level 1 of the Orcish Mines)
 20295 | Orc:1    | Received a gift from Sif Muna
 20494 | Orc:1    | Found a dark tunnel.
 20505 | Volcano  | Entered a volcano
 20798 | Volcano  | Found a bloodstained altar of Trog.
 20959 | Volcano  | Noticed a red draconian
 20963 | Volcano  | Killed a red draconian
 20963 | Volcano  | Reached XP level 15. HP: 52/84 MP: 14/35
 21216 | Orc:2    | Entered Level 2 of the Orcish Mines
 21422 | Orc:2    | Found a staircase to the Elven Halls.
 21582 | Orc:2    | Learned a level 8 spell: Chain Lightning
 21885 | Orc:2    | Found Honuss's Antique Armour Shop.
 21975 | Orc:2    | Found an ancient bone altar of Kikubaaqudgha.
 21975 | Orc:2    | Noticed Nergalle
 21988 | Orc:2    | Found Nuppu's Magic Scroll Boutique.
 21996 | Orc:2    | Killed Nergalle
 22185 | Orc:2    | Found Apopeori's Book Shop.
 22262 | Orc:2    | Found a radiant altar of Vehumet.
 22278 | Orc:2    | Paralysed by an orc sorcerer for 2 turns
 22369 | Orc:2    | Found a roughly hewn altar of Beogh.
 22371 | Orc:2    | Found Rometas's Antique Weapon Shop.
 22597 | Orc:1    | Found a roughly hewn altar of Beogh.
 22719 | Elf:1    | Entered Level 1 of the Elven Halls
 22929 | Elf:1    | Identified the cursed +1 leather armour "Esianexe" {+Inv Str+2} (You took it off a skeletal warrior on level 15 of the Dungeon)
 23195 | Elf:1    | Noticed FluffGlitter's ghost (journeyman GrEE)
 23199 | Elf:1    | Killed FluffGlitter's ghost
 23354 | Elf:1    | Got a warped ring mail
 23365 | Elf:1    | Identified the +4 ring mail "Zedoax" {Regen+ SInv} (You found it on level 1 of the Elven Halls)
 23500 | Elf:1    | Reached skill level 15 in Air Magic
 23838 | Elf:1    | Identified Sif Muna's Volume of Ghastly Attacks (Sif Muna gifted it to you on level 1 of the Elven Halls)
 23838 | Elf:1    | Received a gift from Sif Muna
 23844 | Elf:1    | Learned a level 3 spell: Regeneration
 24443 | Elf:1    | Identified Fumemuta's Catalogue of Black Arts
 24583 | Elf:2    | Found a roughly hewn altar of Beogh.
 24583 | Elf:2    | Noticed an orc warlord
 24863 | Elf:2    | Killed an orc warlord
 25025 | Elf:2    | Reached XP level 16. HP: 92/92 MP: 36/36
 25762 | Elf:2    | Learned a level 4 spell: Airstrike
 25769 | Elf:2    | Identified Sif Muna's Disquisition on Creative Changing (Sif Muna gifted it to you on level 2 of the Elven Halls)
 25769 | Elf:2    | Received a gift from Sif Muna
 25851 | Elf:2    | Found a huge runed gate.
 25851 | Elf:2    | Found a huge runed gate.
 25851 | Elf:2    | Found a huge runed gate.
 25851 | Elf:2    | Found a huge runed gate.
 25851 | Elf:2    | Found a huge runed gate.
 26813 | Elf:2    | Learned a level 2 spell: Passwall
 26814 | Elf:3    | Entered Level 3 of the Elven Halls
 27469 | Elf:3    | Reached XP level 17. HP: 36/98 MP: 1/38
 27747 | Elf:3    | Cast into level 2 of the Abyss (a deep elf sorcerer)
 27885 | Abyss:2  | Noticed a tentacled starspawn
 27889 | Abyss:2  | Killed a tentacled starspawn
 27889 | Abyss:2  | Identified Sif Muna's Compendium of Enthralling Flames (Sif Muna gifted it to you on level 2 of the Abyss)
 27889 | Abyss:2  | Received a gift from Sif Muna
 27951 | Abyss:2  | Noticed an Executioner
 28357 | Abyss:2  | Noticed a tentacled starspawn
 28410 | Elf:3    | Escaped the Abyss
 28812 | Elf:3    | Noticed a deep elf master archer
 28825 | Elf:3    | Killed a deep elf master archer
 28842 | Elf:3    | Noticed a deep elf blademaster
 29253 | Elf:3    | Killed a deep elf blademaster
 29258 | Elf:3    | HP: 4/100 [earth elemental[a deep elf elementalist] (23)]
 29259 | Elf:3    | HP: 1/100 [deep elf elementalist/battleaxe of venom (3)]
 29615 | Elf:3    | Noticed a deep elf master archer
 29622 | Elf:3    | Killed a deep elf master archer
 29648 | Elf:3    | Got a wizard robe
 29658 | Elf:3    | Identified Sif Muna's Incunabulum of Twisted Companions (Sif Muna gifted it to you on level 3 of the Elven Halls)
 29658 | Elf:3    | Received a gift from Sif Muna
 29964 | Elf:3    | Identified the +0 robe of Atheism {+Blink Int+3} (You took it off a deep elf elementalist on level 3 of the Elven Halls)
 29981 | Elf:3    | Got a scorched tin ring
 29982 | Elf:3    | Identified the ring of Ichei {MR+ Str+4 Int+3} (You took it off a deep elf master archer on level 3 of the Elven Halls)
 29993 | Elf:3    | Reached XP level 18. HP: 105/105 MP: 35/40
 30118 | Elf:3    | Noticed a deep elf master archer
 30124 | Elf:3    | Killed a deep elf master archer
 30286 | Elf:3    | Noticed a deep elf master archer
 30295 | Elf:3    | Killed a deep elf master archer
 30320 | Elf:3    | Got a sparkling tin ring
 30328 | Elf:3    | Got an iridescent quarterstaff {crush}
 30655 | Elf:3    | Identified the Almanac of Spatial Flight
 30658 | Elf:3    | Got a faintly humming scale mail
 30676 | Elf:3    | Identified the +6 scale mail of Snakes and Ladders {rPois MR++ rCorr Dex+2} (You found it on level 3 of the Elven Halls)
 30728 | Elf:3    | Identified the Guide on Creative Poisoning
 30734 | Elf:3    | Identified the Tome of the Evil Escort
 30981 | Elf:3    | Identified the ring "Optaz" {rPois Stlth-} (You took it off a deep elf elementalist on level 3 of the Elven Halls)
 31994 | Depths:1 | Entered Level 1 of the Depths
 32306 | Depths:1 | Identified Sif Muna's Incunabulum of Attacks and Dark Rites (Sif Muna gifted it to you on level 1 of the Depths)
 32306 | Depths:1 | Received a gift from Sif Muna
 33740 | Depths:1 | Reached skill level 10 in Dodging
 34329 | Depths:1 | Reached skill level 10 in Fighting
 34402 | Depths:1 | Reached XP level 19. HP: 108/112 MP: 42/42
 34454 | Depths:1 | Found a one-way gate to the infinite horrors of the Abyss.
 35200 | Depths:1 | Found a gateway to Hell.
 35608 | Depths:1 | Learned a level 9 spell: Tornado
 35613 | Depths:1 | Learned a level 4 spell: Passage of Golubria
 35618 | Hell     | Entered the Vestibule of Hell
 35618 | Hell     | Noticed Geryon
 35632 | Hell     | HP: 5/112 [Geryon (15)]
 35637 | Hell     | HP: 2/112 [soul eater/drain life (3)]
 35676 | Hell     | HP: 3/112 [hell knight/demon trident of draining (8)]
 35678 | Hell     | HP: 1/112 [sun demon (1)]
 35686 | Hell     | Found a gateway to the freezing wastes of Cocytus.
 35688 | Hell     | HP: 3/112 [six-headed hydra zombie (1)]
 35689 | Hell     | HP: 1/112 [six-headed hydra skeleton (1)]
 35694 | Hell     | HP: 3/112 [reaper/scythe of freezing (5)]
 35696 | Hell     | HP: 1/112 [ice statue/shard of ice (1)]
 35696 | Hell     | Killed from afar by a soul eater

Vault maps used:
D:1:      saegor_arrival_simple_d, grunt_decor_mini_mirrors
D:2:      uniq_terence
D:3:      first_ration
D:4:      lemuel_round_altar, temple_statues, uniq_robin
D:5:      uniq_menkaure
D:6:      nicolae_overflow_crystal_walls, uniq_eustachio
D:7:      lemuel_ice_spiral_2, serial_glass, glass_columns_a, glass_columns_c
D:8:      grunt_temple_overflow_open, lightli_church_of_beogh
D:9:      lemuel_crystal_altar, basic_altar
D:10:     dpeg_lair_monsters, blue_anna_alchemist, uniq_maurice
D:11:     david_orc_4
D:12:     enter_trove_0, special_room
D:13:     lightli_vaults_fourway_checkpoint, minmay_misc_feat_tiny, pf_eden,
          uniq_sonja
D:14:     infiniplex_staircase_zigzag_3, basic_altar, st_stairs_6
D:15:     gammafunk_depths_entry_grave, chequers_big_river, uniq_azrael
Temple:   nicolae_temple_elliptical
Orc:1:    enter_volcano_3, basic_altar
Orc:2:    kennysheep_orc_mage_school, library_closet
Elf:1:    eino_elf_arrival_sip, minmay_elf_necromancy, st_stairs_3
Elf:2:    special_room, st_stairs_12
Elf:3:    nooodl_elf_gasket
Depths:1: grunt_hell_entry_dis_old, abyss_entry, kennysheep_small_square
Abyss:3:  evilmike_abyss_exit_glass
Volcano:  volcano_lake

Skill      XL: |  1  2  3  4  5  6  7  8  9 10 11 12 13 14 15 16 17 18 |
---------------+-------------------------------------------------------+-----
Conjurations   | 2 4 5 6 8 10 12 13 14 15 16 17 18 | 18.0
Fighting       | 3 6 7 8 9 10 | 10.3
Dodging        | 3 7 8 9 10 | 10.5
Spellcasting   | 4 6 8 10 12 14 15 16 17 18 | 18.9
Air Magic      | 2 8 11 15 16 17 18 | 18.9
Shields        | 4 |  4.2
Invocations    | 7 8 |  8.0
Stealth        | |  2.0
Summonings     | |  1.2
Translocations | |  0.7

Action                   |  1- 3 |  4- 6 |  7- 9 | 10-12 | 13-15 | 16-18 | 19-21 || total
-------------------------+-------+-------+-------+-------+-------+-------+-------++-------
Melee: Unarmed           |     2 |       |       |       |       |       |       ||     2
       Peck              |     3 |       |    23 |    20 |     5 |       |       ||    51
       Dagger            |    33 |     2 |    55 |   164 |    34 |     4 |       ||   292
       Kick              |     7 |     1 |    31 |    40 |    19 |     2 |       ||   100
       Rapier            |       |       |    60 |       |       |       |       ||    60
       War axe           |       |       |    15 |       |       |       |       ||    15
       Staff             |       |       |       |       |       |     2 |       ||     2
 Fire: Blowgun           |       |       |    16 |       |       |       |       ||    16
 Cast: Magic Dart        |    45 |   104 |   285 |   108 |       |       |       ||   542
       Call Imp          |     3 |     2 |     1 |       |       |       |       ||     6
       Mephitic Cloud    |     1 |     2 |    20 |    16 |     2 |     1 |       ||    42
       Conjure Flame     |       |     1 |    10 |     7 |       |       |       ||    18
       Blink             |       |       |     4 |     2 |     2 |     9 |     4 ||    21
       Orb of Destructio |       |       |       |   103 |   273 |   128 |    21 ||   525
       Poisonous Vapours |       |       |       |    56 |     1 |       |       ||    57
       Fireball          |       |       |       |       |    66 |    15 |       ||    81
       Chain Lightning   |       |       |       |       |     4 |    74 |    16 ||    94
       Airstrike         |       |       |       |       |       |   100 |    22 ||   122
       Regeneration      |       |       |       |       |       |    12 |       ||    12
       Passwall          |       |       |       |       |       |     1 |       ||     1
Invok: Divine Energy     |       |       |     1 |       |       |       |       ||     1
       Channel Magic     |       |       |       |       |     5 |    12 |     6 ||    23
 Abil: Fly               |       |     2 |       |     2 |     1 |       |       ||     5
Evoke: Wand              |       |       |       |       |     1 |     1 |     3 ||     5
  Use: Scroll            |     7 |     4 |     7 |     1 |    16 |     9 |     3 ||    47
       Potion            |     1 |     1 |     1 |       |     7 |     5 |    10 ||    25
 Stab: Sleeping          |     1 |       |     2 |       |       |       |       ||     3
       Confused          |       |       |    10 |     6 |     3 |       |       ||    19
       Invisible         |       |       |       |       |     1 |       |       ||     1
  Eat: Chunk             |     3 |     3 |    22 |    61 |    77 |    51 |     3 ||   220
       Ration            |       |     1 |     1 |       |    15 |    10 |     4 ||    31
Armor: Robe              |     9 |     4 |    53 |    57 |    29 |    46 |    11 ||   209
       Animal skin       |       |     9 |     5 |       |       |       |       ||    14
       Skin              |       |       |     2 |       |       |       |       ||     2
Dodge: Dodged            |    30 |    44 |   132 |   176 |   115 |   134 |    30 ||   661
Block: Buckler           |       |       |       |       |    31 |    39 |     7 ||    77

Table legend:
 A = Spawn XP
 B = Non-spawn XP
 C = Spawn XP percentage of total XP
 D = Spawn monster count
 E = Non-spawn monster count
 F = Spawn count percentage of total count
 G = Total turns spent on level
                    A         B        C        D         E        F      G
               +---------+---------+-------+---------+---------+-------+---------
         Total |    8230 |  329535 |   2.4 |      12 |     825 |   1.4 | 35696
               +---------+---------+-------+---------+---------+-------+---------
           D:1 |       0 |      17 |   0.0 |       0 |       8 |   0.0 |   627
           D:2 |       0 |      51 |   0.0 |       0 |      12 |   0.0 |  1034
           D:3 |       0 |      39 |   0.0 |       0 |      15 |   0.0 |   963
           D:4 |       0 |     355 |   0.0 |       0 |      11 |   0.0 |   961
           D:5 |       0 |    1080 |   0.0 |       0 |      16 |   0.0 |  1291
           D:6 |       0 |    1135 |   0.0 |       0 |      21 |   0.0 |  1070
           D:7 |       0 |     546 |   0.0 |       0 |      16 |   0.0 |   703
           D:8 |       0 |    1011 |   0.0 |       0 |      37 |   0.0 |   903
           D:9 |       0 |    1511 |   0.0 |       0 |      38 |   0.0 |  1356
          D:10 |       0 |    6154 |   0.0 |       0 |      29 |   0.0 |  1750
          D:11 |       0 |    6551 |   0.0 |       0 |      41 |   0.0 |  1958
          D:12 |       0 |    8000 |   0.0 |       0 |      59 |   0.0 |  1632
          D:13 |       0 |   21269 |   0.0 |       0 |      45 |   0.0 |  2156
          D:14 |       0 |   14104 |   0.0 |       0 |      41 |   0.0 |  2342
          D:15 |       0 |   33196 |   0.0 |       0 |      75 |   0.0 |  4103
        Temple |       0 |      68 |   0.0 |       0 |      11 |   0.0 |   176
         Orc:1 |       0 |    2555 |   0.0 |       0 |      21 |   0.0 |   512
         Orc:2 |       0 |   10232 |   0.0 |       0 |      46 |   0.0 |  1302
         Elf:1 |       0 |   21844 |   0.0 |       0 |      38 |   0.0 |  2183
         Elf:2 |       0 |   51483 |   0.0 |       0 |      79 |   0.0 |  2327
         Elf:3 |       0 |   85229 |   0.0 |       0 |      72 |   0.0 |  3500
      Depths:1 |       0 |   44658 |   0.0 |       0 |      55 |   0.0 |  1413
          Hell |       0 |    8431 |   0.0 |       0 |      10 |   0.0 |    78
       Abyss:2 |    8230 |    4252 |  65.9 |      12 |      12 |  50.0 |   618
       Volcano |       0 |    5764 |   0.0 |       0 |      17 |   0.0 |   693
               +---------+---------+-------+---------+---------+-------+---------
